Map: Zen LE

Players

soO - Winner!

  • Race: Zerg Zerg
  • Spawn Location: 1:00

PtitDrogo

  • Race: Protoss Protoss
  • League: Master
  • Spawn Location: 7:00

Event: Shopify TSL 5

VOD

Have the link to the VOD?

Description

Time

  • Played on: May 16, 2020, 8:43 a.m.
  • Length: 22:38

All games in this series

Show
View Real Time Build Order
Export as new Build Order

soO Zerg - Winner!

Build Orders: Hatch First, Lurkers, Roach Hydra 

Get SALT Encoding   

  12  0:01  Drone  
  13  0:12  Overlord  
  13  0:17  Drone  
  14  0:31  Drone x2  
  16  0:49  Hatchery  
  15  0:51  Drone  
  15  0:55  Drone  
  17  0:58  Drone  
  18  1:09  Extractor  
  17  1:13  Spawning Pool  
  17  1:16  Drone  
  17  1:20  Drone  
  18  1:28  Drone  
  19  1:39  Drone  
  20  1:52  Drone  
  21  2:00  Queen  
  21  2:01  Queen, Zergling x2  
  25  2:02  Drone  
  27  2:11  Drone, Overlord  
  28  2:29  Drone x2  
  30  2:35  Drone x2  
  30  2:36  Queen x2  
  36  2:44  Overlord  
  36  2:55  Extractor  
  36  2:56  Drone  
  36  2:58  Drone  
  36  3:04  Drone  
  36  3:05  Drone x2  
  40  3:07  Drone x2  
  40  3:10  Drone x2  
  44  3:13  Lair  
  44  3:16  Overlord  
  44  3:22  Overlord  
  44  3:32  Overlord  
  44  3:34  Drone  
  44  3:35  Drone x2  
  44  3:39  Evolution Chamber, Drone  
  47  3:43  Drone, Roach Warren  
  47  3:44  Drone x2  
  47  3:45  Drone  
  47  3:46  Drone x3  
  53  3:54  Drone  
  53  3:55  Extractor  
  53  3:56  Drone  
  53  3:57  Extractor  
  53  4:06  Zerg Missile Weapons Level 1  
  53  4:10  Hatchery  
  53  4:12  Overseer  
  52  4:23  Roach x6  
  64  4:29  Overseer  
  64  4:30  Drone  
  64  4:31  Drone, Overlord  
  66  4:38  Drone  
  67  4:39  Glial Reconstitution  
  67  4:41  Overlord  
  67  4:49  Overlord  
  67  4:52  Overlord  
  67  4:53  Overlord  
  67  4:54  Roach x4  
  75  5:03  Roach x3  
  75  5:07  Overseer  
  77  5:24  Roach x5  
  77  5:26  Drone  
  86  5:28  Drone  
  86  5:30  Drone x2  
  86  5:32  Drone x2  
  86  5:34  Drone x2  
  93  5:36  Overlord  
  93  5:43  Drone  
  93  5:44  Hydralisk Den  
  93  5:46  Extractor, Drone  
  93  5:48  Extractor, Drone  
  93  5:50  Drone  
  93  5:55  Drone  
  95  6:00  Drone  
  95  6:01  Overlord  
  95  6:04  Drone, Overlord  
  96  6:07  Overlord  
  96  6:09  Overlord  
  97  6:14  Drone  
  97  6:15  Drone  
  98  6:18  Drone  
  98  6:20  Drone x2  
  98  6:21  Drone  
  98  6:23  Grooved Spines  
  99  6:25  Overlord  
  99  6:31  Zerg Missile Weapons Level 2  
  99  6:33  Hydralisk x5  
  99  6:38  Overlord  
  99  6:39  Overlord  
  109  6:40  Hydralisk  
  111  6:49  Hydralisk x3  
  117  6:54  Overlord  
  117  6:57  Hydralisk x2  
  121  7:02  Hydralisk  
  121  7:05  Overlord  
  121  7:08  Roach x4  
  131  7:16  Roach x4  
  138  7:27  Roach x3  
  144  7:33  Hatchery  
  144  7:36  Drone x3  
  146  7:39  Drone x4, Lurker Den  
  146  7:40  Extractor  
  146  7:42  Drone x2  
  146  7:43  Muscular Augments  
  150  7:45  Drone  
  150  7:47  Drone  
  152  7:52  Pneumatized Carapace  
  152  8:01  Overlord  
  151  8:06  Roach x9  
  151  8:07  Overseer  
  151  8:08  Overlord  
  151  8:09  Overseer  
  169  8:25  Roach x4  
  177  8:31  Overlord  
  173  8:35  Roach x2  
  173  8:39  Roach x2  
  173  8:40  Roach x2  
  173  8:42  Roach  
  173  8:45  Roach x2  
  173  8:46  Roach x3  
  173  8:47  Roach  
  175  8:49  Roach  
  175  8:50  Roach x3  
  175  8:53  Hydralisk  
  175  8:55  Hydralisk x2  
  147  8:56  Roach x2  
  147  9:00  Roach  
  147  9:02  Roach  
  135  9:04  Roach  
  135  9:06  Hydralisk x2  
  133  9:10  Hydralisk x2  
  133  9:13  Hydralisk  
  133  9:16  Queen  
  133  9:17  Queen, Hydralisk  
  137  9:20  Hydralisk  
  137  9:21  Zergling x6  
  137  9:23  Hydralisk  
  144  9:25  Zergling x2  
  144  9:28  Hydralisk  
  144  9:29  Hydralisk  
  137  9:32  Hydralisk  
  137  9:36  Drone  
  140  9:44  Roach x3  
  146  9:46  Extractor  
  146  9:49  Drone x2  
  146  9:52  Overseer x2  
  147  10:07  Roach x7  
  147  10:09  Drone x2  
  163  10:21  Hydralisk x7  
  163  10:27  Extractor  
  176  10:28  Overlord  
  176  10:36  Lurker x2  
  174  10:46  Drone  
  174  10:47  Drone x3  
  143  11:05  Lurker x6  
  143  11:06  Roach  
  143  11:09  Drone  
  150  11:12  Drone  
  150  11:13  Drone x2  
  150  11:14  Queen  
  150  11:15  Spine Crawler, Overseer  
  154  11:23  Roach x9  
  154  11:24  Roach  
  154  11:25  Overlord  
  174  11:36  Hydralisk x4  
  180  11:47  Hydralisk x5  
  160  12:09  Drone x4  
  164  12:16  Metabolic Boost  
  164  12:24  Overseer  
  164  12:32  Lurker x7  
  164  12:34  Hydralisk x2  
  171  12:54  Roach x6  
  183  12:59  Overlord  
  183  13:01  Overlord  
  183  13:03  Infestation Pit  
  183  13:05  Overlord  
  176  13:10  Hydralisk x7  
  176  13:26  Hydralisk x6  
  178  13:40  Hive  
  178  13:41  Drone  
  178  13:42  Drone  
  152  13:58  Hydralisk x3  
  152  13:59  Hydralisk x5  
  157  14:08  Hydralisk x3  
  157  14:09  Roach x2  
  150  14:10  Roach  
  150  14:12  Roach  
  150  14:13  Roach  
  150  14:15  Roach, Zergling x2  
  150  14:16  Zergling x16  
  151  14:29  Roach x6  
  163  14:35  Lurker x2  
  163  14:36  Overseer  
  165  14:39  Roach x3  
  171  14:47  Hatchery  
  171  14:48  Roach x3  
  171  14:49  Overlord x2  
  171  14:51  Overlord  
  176  14:53  Zerg Ground Armor Level 1  
  176  14:55  Overlord  
  176  14:56  Overlord  
  176  14:59  Overlord  
  176  15:07  Overlord  
  175  15:09  Seismic Spines  
  175  15:10  Lurker x2  
  170  15:19  Roach x7  
  177  15:24  Roach x4  
  156  15:31  Hydralisk x3  
  160  15:41  Hydralisk  
  160  15:42  Hydralisk x3  
  144  15:47  Hydralisk  
  144  15:48  Roach  
  144  15:49  Roach  
  127  15:50  Zergling x6  
  127  15:51  Roach  
  127  15:55  Roach x3  
  138  16:03  Hydralisk  
  136  16:07  Hydralisk x3  
  135  16:18  Hydralisk  
  130  16:33  Drone x2  
  130  16:34  Extractor  
  130  16:35  Extractor, Lurker  
  130  16:36  Lurker x3  
  133  16:41  Drone  
  133  16:42  Drone  
  133  16:45  Roach  
  133  16:46  Roach x6  
  132  16:55  Drone x2  
  132  16:56  Drone x4  
  132  16:58  Drone x3  
  138  17:07  Adaptive Talons  
  138  17:10  Drone  
  138  17:14  Lurker  
  138  17:15  Lurker  
  141  17:16  Roach x4  
  141  17:20  Roach x3  
  151  17:25  Drone x4  
  151  17:26  Hydralisk x2  
  151  17:28  Zergling x12  
  162  17:46  Drone x3  
  162  17:49  Roach x3, Hydralisk  
  170  18:01  Roach, Zerg Missile Weapons Level 3  
  170  18:02  Roach, Zergling x2  
  170  18:04  Roach  
  149  18:08  Hydralisk  
  149  18:11  Hydralisk  
  128  18:14  Hydralisk  
  128  18:17  Hydralisk  
  111  18:22  Hydralisk  
  110  18:31  Lurker, Hydralisk x3  
  117  18:39  Hydralisk x2  
  121  18:46  Lurker x4  
  125  18:53  Roach x2  
  129  19:04  Roach x5  
  137  19:16  Roach  
  131  19:22  Roach  
  131  19:23  Roach  
  127  19:24  Roach x7  
  127  19:30  Hydralisk  
  138  19:31  Roach  
  138  19:33  Hydralisk  
  138  19:34  Hydralisk  
  136  19:44  Roach x3, Hydralisk  
  142  19:47  Hydralisk  
  144  19:54  Hydralisk x2  
  146  20:00  Hydralisk x2  
  150  20:16  Hydralisk x5  
  158  20:21  Overseer  
  158  20:27  Overseer  
  155  20:33  Hydralisk x2  
  154  20:36  Roach  
  136  20:43  Roach x2  
  138  20:59  Drone  
  138  21:00  Drone  
  128  21:12  Lurker x2  
  128  21:13  Lurker  
  128  21:14  Ravager x2  
  128  21:15  Ravager  
  128  21:17  Roach x9  
  152  21:26  Roach x2  
  154  21:46  Zergling x22  
  161  22:04  Drone x3  
  161  22:05  Drone x3, Overseer  
  167  22:16  Drone x3  
  167  22:17  Drone x2  
  167  22:20  Lurker x3  
  175  22:34  Hatchery  
Show
View Real Time Build Order
Export as new Build Order

PtitDrogo Protoss 

Build Orders: 1 Gate Expand, Archon Immortal, Archon Drop, Dark Templar Rush 

Get SALT Encoding   

  12  0:00  Probe  
  13  0:13  Probe  
  14  0:21  Pylon  
  14  0:25  Probe  
  15  0:33  Assimilator  
  15  0:39  Probe (Chrono Boost)  
  16  0:44  Gateway  
  16  0:48  Probe (Chrono Boost)  
  17  0:53  Probe (Chrono Boost)  
  18  1:05  Probe  
  19  1:17  Probe  
  20  1:24  Nexus  
  20  1:33  Cybernetics Core  
  20  1:36  Probe  
  21  1:41  Assimilator  
  21  1:49  Pylon  
  21  1:54  Probe  
  22  2:06  Adept (Chrono Boost), Probe  
  23  2:11  Warp Gate  
  25  2:18  Probe, Twilight Council  
  26  2:29  Stalker  
  28  2:30  Probe (Chrono Boost)  
  28  2:36  Probe (Chrono Boost)  
  30  2:42  Probe (Chrono Boost)  
  32  2:45  Probe (Chrono Boost)  
  32  2:47  Probe (Chrono Boost)  
  32  2:50  Probe (Chrono Boost)  
  33  2:57  Probe  
  35  3:02  Probe  
  35  3:03  Robotics Facility  
  36  3:09  Probe  
  37  3:14  Probe  
  37  3:15  Dark Shrine  
  38  3:21  Gateway  
  38  3:23  Probe  
  38  3:26  Probe  
  40  3:27  Gateway  
  40  3:32  Gateway  
  40  3:43  Probe x2  
  40  3:45  Assimilator  
  40  3:47  Warp Prism (Chrono Boost)  
  42  3:51  Assimilator  
  44  3:57  Pylon  
  44  3:58  Probe x2  
  44  4:02  Pylon  
  46  4:15  Adept, Probe x2  
  50  4:27  Probe x2  
  52  4:32  Dark Templar x3  
  52  4:33  Dark Templar  
  52  4:36  Pylon  
  60  4:45  Observer  
  61  4:46  Probe  
  62  4:55  Nexus  
  62  4:58  Probe x2, Pylon  
  64  5:01  Archon  
  64  5:02  Archon  
  64  5:03  Dark Templar  
  66  5:21  Immortal (Chrono Boost)  
  66  5:23  Probe  
  66  5:25  Probe  
  72  5:29  Forge, Pylon  
  72  5:40  Sentry x2, Probe x2  
  72  5:42  Pylon  
  78  5:44  Gateway x2  
  78  5:48  Templar Archives  
  78  5:52  Probe x2  
  78  5:56  Immortal (Chrono Boost)  
  84  6:05  Probe x2, Protoss Ground Weapons Level 1 (Chrono Boost)  
  84  6:06  Psionic Storm  
  84  6:08  Charge  
  86  6:22  Probe (Chrono Boost)  
  86  6:23  Assimilator  
  86  6:24  Probe (Chrono Boost)  
  86  6:25  Pylon  
  86  6:26  Probe (Chrono Boost)  
  86  6:30  Assimilator  
  87  6:33  Immortal (Chrono Boost)  
  87  6:37  Probe (Chrono Boost)  
  87  6:38  Probe (Chrono Boost)  
  87  6:39  Probe (Chrono Boost), Shield Battery  
  94  6:42  Probe (Chrono Boost)  
  94  6:45  Probe  
  96  6:51  Probe  
  97  6:57  Probe  
  97  7:00  Probe  
  99  7:02  Immortal (Chrono Boost)  
  99  7:03  Pylon  
  99  7:04  Probe  
  99  7:06  High Templar x2, Pylon  
  99  7:07  Gateway  
  108  7:10  Gateway  
  108  7:11  Zealot x2  
  112  7:18  Shield Battery  
  112  7:19  Pylon  
  112  7:22  High Templar  
  114  7:29  Pylon  
  114  7:32  Immortal, Probe x2  
  114  7:36  Photon Cannon  
  120  7:38  Gateway  
  120  7:39  Pylon  
  120  7:45  Gateway  
  120  7:49  High Templar x3  
  126  7:57  Dark Templar  
  128  8:07  Pylon  
  128  8:08  Immortal  
  128  8:12  Nexus, Zealot x4  
  134  8:13  Protoss Ground Weapons Level 2 (Chrono Boost)  
  140  8:20  Pylon  
  140  8:25  Zealot x3  
  142  8:40  Zealot x6  
  131  8:52  Archon  
  131  8:54  Immortal  
  109  8:56  Zealot x4  
  109  9:02  Zealot x5  
  111  9:10  High Templar  
  107  9:20  Zealot x4  
  99  9:25  Zealot x5  
  91  9:41  High Templar x4  
  91  9:45  High Templar x4  
  97  9:46  Zealot x2  
  97  9:51  Archon x2  
  106  10:03  Nexus, Immortal (Chrono Boost)  
  106  10:04  Pylon  
  110  10:08  Dark Templar  
  110  10:11  High Templar  
  114  10:19  High Templar  
  114  10:20  Zealot x6  
  128  10:24  Zealot  
  130  10:30  Pylon  
  130  10:45  Dark Templar x4  
  130  10:47  Probe  
  131  10:51  Probe  
  124  11:00  Probe  
  124  11:02  Zealot x6  
  124  11:03  Probe  
  134  11:05  Assimilator  
  134  11:07  Protoss Ground Weapons Level 3 (Chrono Boost)  
  134  11:09  Observer (Chrono Boost)  
  133  11:21  Stalker x3  
  139  11:26  Photon Cannon  
  137  11:33  Probe  
  137  11:38  Observer (Chrono Boost)  
  139  11:44  Assimilator x2  
  139  11:48  Photon Cannon  
  139  11:50  Probe  
  139  11:53  Probe  
  139  11:57  Zealot x8  
  147  12:07  Probe  
  138  12:14  Immortal (Chrono Boost), Photon Cannon  
  138  12:15  Photon Cannon  
  138  12:17  Shield Battery  
  140  12:24  Robotics Facility  
  140  12:28  Templar Archives  
  140  12:29  Zealot x4  
  148  12:37  Dark Templar  
  148  12:39  Probe  
  147  12:52  Pylon  
  147  12:55  Stalker x2  
  147  12:56  Zealot x2, Stalker x3  
  161  13:03  Probe, Zealot x2  
  161  13:04  Probe  
  144  13:05  Probe  
  144  13:06  Probe  
  137  13:14  Stalker  
  137  13:15  Probe  
  137  13:16  Probe, Zealot  
  137  13:19  Probe  
  140  13:24  Zealot x2  
  140  13:25  Probe  
  143  13:27  Probe  
  143  13:33  Stalker  
  134  13:34  Stalker  
  134  13:37  High Templar x2  
  138  13:41  Probe  
  138  13:44  Probe  
  138  13:47  Probe  
  128  13:55  Probe  
  128  13:58  Probe  
  118  14:03  High Templar x7  
  124  14:11  Zealot x2  
  124  14:15  Probe  
  124  14:16  Probe  
  116  14:33  High Templar  
  116  14:34  High Templar  
  116  14:36  High Templar x2, Zealot x2  
  116  14:37  Zealot x3  
  134  14:40  Archon x2  
  134  14:43  Nexus  
  132  14:46  Pylon  
  128  15:05  High Templar x2, Zealot x3  
  134  15:09  Archon  
  134  15:17  Zealot x4  
  134  15:20  Probe  
  137  15:25  Probe  
  137  15:27  Archon  
  137  15:28  Probe  
  123  15:32  Zealot x3  
  123  15:33  Probe  
  124  15:41  Archon  
  105  15:51  Nexus  
  105  15:53  High Templar x4  
  105  15:56  Pylon  
  105  16:07  Dark Templar x3  
  99  16:16  Zealot  
  99  16:17  Zealot  
  95  16:26  Zealot  
  95  16:27  Zealot x3  
  100  16:40  High Templar x4  
  100  16:44  Archon  
  100  16:45  Archon, Zealot  
  110  16:51  Dark Templar  
  110  16:53  Probe  
  111  16:55  Probe  
  110  17:06  Assimilator  
  110  17:08  Photon Cannon  
  110  17:09  Photon Cannon, Assimilator  
  110  17:12  Observer (Chrono Boost)  
  111  17:15  High Templar  
  105  17:24  Observer (Chrono Boost)  
  105  17:27  Dark Templar  
  106  17:33  Stalker x3  
  112  17:40  Probe  
  113  17:52  High Templar  
  113  17:53  Zealot x4  
  101  18:08  Dark Templar x3  
  101  18:10  Archon  
  101  18:11  Archon  
  101  18:12  Zealot  
  83  18:23  Zealot x4  
  91  18:28  Archon x2  
  91  18:35  High Templar x2  
  91  18:40  Nexus  
  95  18:43  Immortal (Chrono Boost)  
  99  18:58  High Templar, Zealot x4  
  95  19:20  Zealot x4  
  95  19:21  Zealot x2  
  88  19:32  Archon  
  88  19:33  Archon  
  85  19:38  High Templar x3  
  86  19:47  Dark Templar  
  86  19:49  Dark Templar  
  85  19:56  Archon  
  83  20:01  Zealot x3  
  83  20:02  Zealot  
  83  20:07  Assimilator  
  86  20:12  High Templar, Zealot  
  86  20:13  Zealot  
  92  20:25  Zealot x4  
  100  20:30  Zealot x2  
  91  20:40  Probe  
  72  20:50  High Templar  
  69  21:34  Probe  
  62  22:13  Nexus  
Tags
 
Add a new tag
Caveats
  • Supply blocks, unpowered buildings, or Contaminate may cause inaccurate times.
  • Supply counts are checked every 10 seconds.